 Dungeon Crawl Stone Soup version 0.27-a0-1186-g8b4daa1eef (webtiles) character file.

Game seed: 17072992468349740633

101 st0uf the Shield-Bearer (level 4, 0/29 HPs)
             Began as a Gargoyle Fighter on May 19, 2021.
             Killed by divine providence
             ... invoked by an orc priest
              (10 damage)
             ... on level 3 of the Dungeon.
             The game lasted 00:04:15 (2032 turns).

st0uf the Shield-Bearer (Gargoyle Fighter)          Turns: 2032, Time: 00:04:16

Health: 0/29       AC: 10    Str: 21    XL:     4   Next: 75%
Magic:  4/4        EV:  9    Int: 14    God:
Gold:   132        SH:  4    Dex:  9    Spells: 3/3 levels left

rFire    + . .     SeeInvis .   a - +0 flail
rCold    + . .     Faith    .   s - +0 buckler {rC+ rF+}
rNeg     + . .     Spirit   .   b - +0 scale mail
rPois    ∞         Reflect  .   (no helmet)
rElec    +         Harm     .   (no cloak)
rCorr    +         Rampage  .   (no gloves)
Will     .....                  (no boots)
Stlth    ..........             (no amulet)
HPRegen  0.09/turn              k - +6 ring of intelligence
MPRegen  0.09/turn              o - ring of resist corrosion

@: no status effects
A: sickness immunity, AC +3, negative energy resistance 1, electricity
resistance, torment resistance 1, petrification resistance
a: no special abilities


You were on level 3 of the Dungeon.
You visited 1 branch of the dungeon, and saw 3 of its levels.

You collected 132 gold pieces.

Inventory:

Hand Weapons
 a - a +0 flail (weapon)
Armour
 b - a +0 scale mail (worn)
 c - a +0 kite shield
 s - a +0 buckler of resistance (worn)
Jewellery
 k - a +6 ring of intelligence (left hand)
 o - a ring of resist corrosion (right hand)
Scrolls
 e - a scroll of torment {unknown}
 f - 2 scrolls of brand weapon {unknown}
 h - 2 scrolls of identify {unknown}
 j - a scroll of immolation {unknown}
 l - a scroll of fog {unknown}
 p - a scroll of enchant armour {unknown}
 q - a scroll of teleportation {unknown}
 r - a scroll of amnesia {unknown}
Potions
 d - a potion of might
 g - a potion of curing {unknown}
 i - 2 potions of degeneration {unknown}
 m - 3 potions of ambrosia {unknown}
 n - a potion of brilliance {unknown}


   Skills:
 + Level 4.0 Fighting
 + Level 3.2 Maces & Flails
 + Level 3.9 Armour
 + Level 0.1 Stealth
 + Level 4.0 Shields


You had 3 spell levels left.
You didn't know any spells.
Your spell library contained the following spells:

 Spells                   Type           Power      Damage    Failure   Level
 Confusing Touch          Hex            0%         N/A       92%         3
 Gell's Gravitas          Tloc           0%         N/A       92%         3
 Petrify                  Tmut/Erth      0%         N/A       100%        4
 Metabolic Englaciation   Hex/Ice        0%         N/A       100%        5
 Yara's Violent Unravell  Hex/Tmut       0%         3d3       100%        5


Dungeon Overview and Level Annotations

Branches:
Dungeon (3/15)

Altars:
Fedhas
Xom


Innate Abilities, Weirdness & Mutations

You are immune to sickness and miasma.
Your stone body is resilient. (AC +3)
You are immune to poison.
You resist negative energy. (rN+)
You are resistant to electric shocks. (rElec)
You are resistant to unholy torment.
You are immune to petrification.


Message History

You kill the orc!
Things that are here:
a +0 dagger; an orc corpse An orc comes into view.
It is wielding a +0 dagger.
The orc shouts!
You block the orc's attack.
You barely miss the orc. The orc barely misses you.
You barely miss the orc. The orc hits you with a +0 dagger.
You hit the orc but do no damage. The orc hits you but does no damage.
The orc barely misses you.
You sock the orc!
You kill the orc!
You see here a +0 dagger.
A phantom comes into view.
You completely miss the phantom.
The phantom hits you but does no damage.
You closely miss the phantom. The phantom closely misses you.
You barely miss the phantom.
The phantom hits you but does no damage.
You sock the phantom!
The phantom is heavily damaged.
You block the phantom's attack. The phantom hits you.
You miss the phantom.
The phantom is heavily damaged.
The phantom hits you.
You hit the phantom but do no damage.
The phantom is heavily damaged.
The phantom hits you.
You hit the phantom.
The phantom is heavily damaged.
The phantom closely misses you.
You completely miss the phantom.
The phantom is heavily damaged.
The phantom hits you!
The phantom blinks!
You blink.
You block the phantom's attack. 2 orcs and an orc priest come into view.
The phantom hits you but does no damage.
The orc priest calls down the wrath of Beogh upon you.
Beogh smites you!
You die...

#.###....## ##.
#.......## ##
#####.### #.#
#.# #.# #####
#.# #... #
#.##.###W###ooo$
#.##....@.......
#.####.#.##.#...
#...§....#
######.### #. #.
## .# #.#


You could see a phantom, an orc priest and 2 orcs.

Vanquished Creatures
  A gnoll (D:1)
  An adder (D:2)
  A worm (D:3)
  A dart slug (D:2)
  2 orcs (D:3)
  4 endoplasms
  11 giant cockroaches
  7 goblins
  6 hobgoblins
  9 jackals
  6 ball pythons
  5 bats
  3 frilled lizards (D:1)
  5 kobolds
  8 rats
70 creatures vanquished.

Notes
Turn   | Place    | Note
-------+----------+-------------------------------------------
     0 | D:1      | st0uf the Gargoyle Fighter began the quest for the Orb.
     0 | D:1      | Reached XP level 1. HP: 14/14 MP: 1/1
   190 | D:1      | Reached XP level 2. HP: 19/19 MP: 2/2
   222 | D:1      | Found a faded altar of an unknown god.
   236 | D:1      | Reached XP level 3. HP: 12/24 MP: 3/3
   797 | D:2      | Reached XP level 4. HP: 29/29 MP: 4/4
  1865 | D:3      | Found a blossoming altar of Fedhas.
  1865 | D:3      | Found a shimmering altar of Xom.
  2020 | D:3      | Noticed a phantom
  2032 | D:3      | Killed from afar by an orc priest

Illustrated notes

Levels and vault maps discovered:
D:1:      saegor_arrival_miasma, layout_basic, basic_ecumenical_altar,
          minmay_misc_feat_columns, minmay_small_reverse_x
D:2:      layout_basic, minmay_crystal_room, hex_intersection,
          corexii_item_surrounded_by_moat, kennysheep_generic_room_11
D:3:      layout_loops_corners, minitemple, gammafunk_temple_overflow_elements,
          minmay_misc_feat_x

Skill      XL: |  1  2  3  4 |
---------------+-------------+-----
Maces & Flails | 3 |  3.2
Shields        | 4 |  4.0
Fighting       | 4 |  4.0
Armour         | |  3.9
Stealth        | |  0.1

Action                   |  1- 3 |  4- 6 || total
-------------------------+-------+-------++-------
Melee: Flail             |   124 |   103 ||   227
Armor: Scale mail        |    76 |    55 ||   131
Dodge: Dodged            |    42 |    37 ||    79
Block: Kite shield       |    86 |    41 ||   127
       Buckler           |       |     4 ||     4

Table legend: (Time is in decaauts)
 A = Elapsed time spent in this place.
 B = Non-inter-level travel time spent in this place.
 C = Inter-level travel time spent in this place.
 D = Time resting spent in this place.
 E = Time spent auto-exploring this place.
 F = Levels seen in this place.
 G = Mean time per level.
                   A        B        C        D        E       F      G
               +--------+--------+--------+--------+--------+-----+--------+
         Total |   2138 |   2128 |     10 |    133 |   1382 |   3 |  712.7 |
       Dungeon |   2138 |   2128 |     10 |    133 |   1382 |   3 |  712.7 |
               +--------+--------+--------+--------+--------+-----+--------+

Top non-repeatable levels by time:
     D:1: 749 daAuts
     D:2: 709 daAuts
     D:3: 679 daAuts
